 Dungeon Crawl Stone Soup version 0.30.0-5-g1a98f26d00 (webtiles) character file.

Game seed: 12385356873562085776

260482 CoinPitGoblin the Phalangite (level 19, -10/216 (218) HPs)
             Began as a Minotaur Berserker on May 9, 2023.
             Was the Champion of Trog.
             Mangled by a spectral juggernaut (19 damage)
             ... on level 1 of the Crypt.
             The game lasted 01:39:53 (36479 turns).

CoinPitGoblin the Phalangite (Minotaur Berserker)  Turns: 36479, Time: 01:39:55

HP:   -10/216 (218) AC: 34    Str: 26    XL:     19   Next: 55%
MP:   18/18         EV: 12    Int:  4    God:    Trog [******]
Gold: 3463          SH:  0    Dex: 12    Spells: 18/18 levels left

rFire   x . .        a - +9 glaive (heavy)
rCold   . . .        (shield currently unavailable)
rNeg    + + .        h - +7 plate armour of the Pits of Slime {rF- Will++ Regen+}
rPois   +            (helmet unavailable)
rElec   .            d - +1 cloak
rCorr   .            Z - +2 pair of gloves
SInv    +            (no boots)
Will    +++++        (no amulet) Stlth
                     A - ring "Saubin" {rPois rN+ Int-4 SInv Stlth+}
HPRegen 2.36/turn    L - ring of positive energy
MPRegen 0.16/turn

%: no passive effects
@: strong-willed, on berserk cooldown, regenerating, slowed, studying Dodging,
lightly drained, very slow
A: horns 3, retaliatory headbutt, clever 1, robust 1
}: 1/15 runes: barnacled
a: Renounce Religion, Berserk, Trog's Hand, Brothers in Arms


You were on level 1 of the Crypt.
You worshipped Trog.
Trog was exalted by your worship.
You visited 8 branches of the dungeon, and saw 32 of its levels.

You collected 3985 gold pieces.
You spent 522 gold pieces at shops.

Inventory:

Hand Weapons
 a - a +9 heavy glaive (weapon)
 n - a +3 vampiric glaive
 D - a +3 glaive of flaming
 M - the +10 halberd of Bouvosko {flame, rC+ Will- Str+4 Dex+4}
   (Trog gifted it to you on level 3 of the Vaults)

   Str:       It affects your strength (+4).
   Dex:       It affects your dexterity (+4).
   rC:        It protects you from cold.
   Will:      It decreases your willpower.
 U - a +3 antimagic halberd
Armour
 d - a +1 cloak (worn)
 e - a +0 kite shield of reflection
 h - the +7 plate armour of the Pits of Slime (worn) {rF- Will++ Regen+}
   (You acquired it on level 4 of the Dungeon)

   rF:        It makes you vulnerable to fire.
   Regen:     It increases your rate of health regeneration.
   Will:      It greatly increases your willpower.
 Z - a +2 pair of gloves (worn)
Jewellery
 i - a +4 ring of protection
 o - a +6 ring of dexterity
 p - a ring of see invisible
 r - a +6 ring of intelligence
 v - a ring of flight
 w - a ring of protection from fire
 A - the ring "Saubin" (left hand) {rPois rN+ Int-4 SInv Stlth+}
   (You found it on level 3 of the Lair of Beasts)

   [ring of positive energy]

   Int:       It affects your intelligence (-4).
   rPois:     It protects you from poison.
   rN:        It protects you from negative energy.
   SInv:      It lets you see invisible.
   Stlth:     It makes you more stealthy.
 E - a +5 ring of evasion
 F - a +4 ring of protection
 H - a +6 ring of strength
 L - a ring of positive energy (right hand)
 Q - a ring of magical power
 T - a ring of protection from fire
 V - a ring of magical power
Wands
 b - a wand of mindburst (7)
 g - a wand of paralysis (29)
 q - a wand of roots (61)
 u - a wand of acid (3)
 R - a wand of flame (54)
 Y - a wand of digging (11)
Scrolls
 c - a scroll of fog
 f - 7 scrolls of teleportation
 l - 5 scrolls of enchant armour
 y - 3 scrolls of vulnerability
 B - 3 scrolls of magic mapping
 C - 6 scrolls of poison
 J - 3 scrolls of fear
 N - 11 scrolls of identify
 S - a scroll of enchant weapon
 W - 2 scrolls of brand weapon
Potions
 j - 3 potions of resistance
 k - a potion of invisibility
 m - 4 potions of haste
 s - 6 potions of attraction
 t - 6 potions of curing
 x - a potion of might
 z - 3 potions of berserk rage
 G - 4 potions of brilliance
 K - 4 potions of flight
 O - 3 potions of magic
 P - 4 potions of cancellation
Miscellaneous
 I - a tin of tremorstones (2/2)


   Skills:
 + Level 24.3 Fighting
 + Level 25.6 Polearms
 + Level 22.2 Armour
 + Level 9.7 Dodging
 - Level 0.1 Stealth
 + Level 0.6 Evocations


You had 18 spell levels left.
You didn't know any spells.
Your spell library was empty.

Dungeon Overview and Level Annotations

Branches:
Dungeon (15/15)            Temple (0/1) D:7            Lair (5/5) D:8
 Shoals (4/4) Lair:3       Spider (1/4) Lair:3        Slime (0/5) Lair:5
    Orc (2/2) D:12            Elf (0/3) Orc:2        Vaults (3/5) D:14
  Crypt (1/3) Vaults:3     Depths (1/4) D:15

Altars:
Dithmenos
Elyvilon
Fedhas
Gozag
Hepliaklqana
Makhleb
Okawaru
Ru
Uskayaw
Xom
Yredelemnul
Zin
Jiyva

Shops:
D:5 ?===?   D:9 *   D:15 *   Orc:2 :[(*   Vaults:1 (   Vaults:2 *   Vaults:3 [
Depths:1 *((=

Portals:
Hell: Depths:1
Ziggurat: Depths:1
Trove: Vaults:1 (give 5 scrolls of fear)

Annotations:
D:7 2 transporters, Zlot's ghost, novice DsBr
D:10 2 runed translucent doors, dogaso222's ghost, journeyman DsGl
D:14 2 transporters
Lair:5 1 runed translucent door
Vaults:3 3 runed translucent doors, McKennaii's ghost, adept DgCj


Innate Abilities, Weirdness & Mutations

You have a pair of large horns on your head.
You reflexively headbutt those who attack you in melee.
Your mind is acute. (Int +4, Str/Dex -1)
You are robust. (+10% HP)


Message History

Unknown command.
Reach: a) +9 glaive (heavy)
Press: ? - help, Dir - move target, f/p - lich
Aim: a lich (heavily damaged, about 22% to evade your +9 heavy glaive)
You hit the lich. You headbutt the lich.
The lich is heavily damaged.
The lich touches you but does no damage.
The lich barely misses you. You furiously retaliate!
You headbutt the lich!
Reach: a) +9 glaive (heavy)
Press: ? - help, Dir - move target, f/p - lich
Aim: a lich (severely damaged, about 22% to evade your +9 heavy glaive)
You barely miss the lich.
The lich is severely damaged.
The spectral juggernaut hits you!!!
* * * LOW HITPOINT WARNING * * *
The spectral juggernaut hits you but does no damage.
The lich casts a spell.
The lich flickers and vanishes for a moment.
The lich touches you but does no damage.
Reach: a) +9 glaive (heavy)
Press: ? - help, Dir - move target, f/p - lich
Aim: a lich (heavily damaged, slightly transparent, about 22% to evade your +9 heavy glaive)
You hit the lich. Your headbutt misses the lich.
The lich is severely damaged.
The lich touches you!
* * * LOW HITPOINT WARNING * * *
You hear a hideous shriek!
Reach: a) +9 glaive (heavy)
Press: ? - help, Dir - move target, f/p - lich
Aim: a lich (severely damaged, slightly transparent, about 22% to evade your +9 heavy glaive)
You cut the lich into ribbons!!!
You destroy the lich!
Trog accepts your kill.
Trog appreciates your killing of a magic user.
The spectral juggernaut hits you!!
* * * LOW HITPOINT WARNING * * *
You partially resist.
You feel drained.
* * * LOW HITPOINT WARNING * * *
The spectral juggernaut hits you!!
You die...

.... (... ..... .....# .
....# ##... #.)####..L.#
#[.....# # ##..#####....
#...@Zz..... ....... ##
###.####...... .#....#.
#...###......................
#......#.####...............
##.####......................
#.....#.##....... ...........
#.....#.##.###... ...#......
#..........#(#...............
#..........###........#......


You could see a spectral juggernaut and a flying skull.

Vanquished Creatures
  An ancient lich (Crypt:1)
  Frederick (Vaults:3)
  Jory (Vaults:2)
  A lich (Crypt:1)
  A titan (Vaults:3)
  An ancient champion (Crypt:1)
  A shadow dragon (Vaults:3)
  2 sphinxes (Vaults:3)
  Donald (Shoals:4)
  2 revenants (Crypt:1)
  A frost giant (Shoals:4)
  6 vault wardens
  3 ghouls
  A spectral juggernaut (D:14)
  2 orc warlords
  A reaper (Lair:3)
  The ghost of Cicylist the Cleaver, a journeyman FoFi of Okawaru (D:14)
  10 ironbound preservers
  A juggernaut skeleton (Depths:1)
  4 stone giants
  5 very ugly things
  6 ironbound thunderhulks
  Nessos (D:13)
  A vampire knight (Crypt:1)
  11 dire elephants
  4 spark wasps
  9 merfolk impalers
  3 merfolk javelineers
  A deep elf death mage (Vaults:3)
  An eidolon (Vaults:3)
  A spectral quicksilver dragon (D:14)
  4 jiangshi (Crypt:1)
  2 ettins (Depths:1)
  An ettin (shapeshifter) (Vaults:1)
  The ghost of Junaliek the Protected, a journeyman MiFi of Okawaru (Lair:2)
  8 hydras
  An entropy weaver (Vaults:1)
  A quicksilver dragon skeleton (Crypt:1)
  15 vault guards
  5 great orbs of eyes
  10 yaktaur captains
  2 ogre magi (Orc:2)
  A deep elf high priest (Vaults:3)
  4 ice dragons (Depths:1)
  A peacekeeper (Vaults:2)
  7 ironbound frosthearts
  A catoblepas (Lair:5)
  2 merfolk avatars
  2 death knights
  A spriggan air mage (D:15)
  4 alligator snapping turtles
  3 rakshasas (D:15)
  2 spriggan skeletons (Crypt:1)
  2 merfolk aquamancers (Shoals:4)
  11 two-headed ogres
  5 boulder beetles
  13 centaur warriors
  A satyr (Shoals:1)
  13 death yaks
  A deep troll earth mage (Vaults:3)
  A vampire mage (Crypt:1)
  Amaemon (Lair:1)
  A bunyip zombie (Crypt:1)
  2 pharaoh ants (Spider:1)
  2 skysharks
  14 sea snakes
  13 lindwurms
  8 skeletal warriors
  Pikel (D:7)
  A deep troll (shapeshifter) (D:15)
  A flayed ghost (D:10)
  A glowing orange brain (Depths:1)
  14 deep trolls
  A bog body (Vaults:3)
  4 phantasmal warriors
  A spriggan simulacrum (D:14)
  15 harpies
  4 wizards
  2 orc sorcerers (Orc:1)
  6 orc knights
  3 necromancers
  7 ironbound convokers
  3 deep elf pyromancers
  4 fauns (Shoals:1)
  A tengu skeleton (Depths:1)
  A stone giant zombie (Vaults:3)
  29 ugly things
  11 manticores
  2 wolf spiders
  11 cyclopes
  6 merfolk sirens
  9 vault sentinels
  Joseph (D:7)
  A fire giant skeleton (Crypt:1)
  5 elephants
  11 cane toads
  A dire elephant zombie (Crypt:1)
  8 black mambas
  A stone giant skeleton (Depths:1)
  A demonic crawler (Spider:1)
  Maggie (D:6)
  7 water nymphs
  A purple draconian zombie (Crypt:1)
  A yaktaur zombie (Vaults:3)
  4 rime drakes (Lair:5)
  An orange demon (Lair:1)
  30 yaktaurs
  A rime drake (shapeshifter) (D:15)
  4 komodo dragons
  2 freezing wraiths
  17 trolls
  A white draconian skeleton (Crypt:1)
  2 harpy zombies (Crypt:1)
  10 polar bears
  14 merfolk
  A hornet (D:10)
  7 dream sheep
  11 wind drakes
  A hornet (shapeshifter) (D:10)
  12 snapping turtles
  5 blink frogs (Lair:5)
  2 tarantellas
  A fire dragon zombie (Crypt:1)
  A human skeleton (Vaults:3)
  Prince Ribbit (D:6)
  A raiju (Lair:5)
  10 jumping spiders
  34 slime creatures
  3 culicivoras
  12 water elementals
  An elf zombie (Vaults:3)
  4 shadows
  6 wraiths
  5 wyverns
  A human (Lair:3)
  49 yaks
  An elf skeleton (Vaults:3)
  Eustachio (D:6)
  5 basilisks
  7 redbacks
  2 vampire mosquitoes (D:14)
  6 wargs (Lair:5)
  Menkaure (D:6)
  An acid dragon (D:10)
  13 water moccasins
  14 hell hounds (Lair:5)
  19 orc warriors
  A sky beast (D:7)
  13 black bears
  23 wolves
  21 ogres
  2 phantoms
  3 boggarts (Vaults:2)
  16 centaurs
  A lemure (D:7)
  2 kobold brigands
  2 gnoll sergeants
  A necrophage (Vaults:3)
  9 bullfrogs
  4 scorpions
  7 wights
  A troll zombie (D:12)
  7 killer bees
  A vampire bat (D:8)
  12 orc priests
  A gnoll bouda (D:4)
  2 hounds (D:5)
  A jelly (D:5)
  Crazy Yiuf (D:6)
  A bullfrog skeleton (Crypt:1)
  3 iguanas
  4 sleepcaps
  29 orc wizards
  4 hell rats (Lair:3)
  7 ogre zombies (D:12)
  A hound skeleton (Crypt:1)
  12 gnolls
  4 adders
  2 shadow imps
  2 white imps
  2 ufetubi
  3 worms
  A dart slug (D:4)
  78 orcs
  11 bats
  7 endoplasms
  2 giant cockroaches (D:2)
  5 goblins
  6 hobgoblins
  4 jackals (D:5)
  A quokka (D:2)
  5 ball pythons
  A goblin skeleton (D:12)
  A hobgoblin skeleton (D:12)
  3 hobgoblin zombies (D:12)
  10 kobolds
  3 orc skeletons (D:12)
  17 orc zombies (D:12)
  3 rats
1115 creatures vanquished.

Vanquished Creatures (collateral kills)
  A vault warden (Vaults:1)
  A vault guard (Vaults:1)
  An alligator snapping turtle (Shoals:2)
  An orc knight (Vaults:1)
  A yaktaur (Vaults:1)
  3 merfolk (Shoals:2)
  A snapping turtle (Shoals:2)
9 creatures vanquished.

Vanquished Creatures (others)
  A vampire knight (Depths:1)
1 creature vanquished.

Grand Total: 1125 creatures vanquished

Notes
Turn   | Place    | Note
-------+----------+-------------------------------------------
     0 | D:1      | CoinPitGoblin the Minotaur Berserker began the quest for
                  | the Orb.
     0 | D:1      | Reached XP level 1. HP: 19/19 MP: 0/0
   507 | D:1      | Reached XP level 2. HP: 27/27 MP: 1/1
   614 | D:1      | Reached skill level 4 in Polearms
  1124 | D:2      | Found a sacrificial altar of Ru.
  1181 | D:2      | Reached XP level 3. HP: 33/33 MP: 2/2
  1362 | D:2      | Reached ** piety under Trog
  1577 | D:3      | Found a blossoming altar of Fedhas.
  1623 | D:3      | You fall into a shaft and drop 2 floors!
  1623 | D:5      | Entered Level 5 of the Dungeon
  1638 | D:5      | Found Docao's Jewellery Boutique.
  1674 | D:5      | Reached XP level 4. HP: 35/41 MP: 3/3
  1683 | D:5      | Noticed a scorpion
  1685 | D:5      | Reached skill level 5 in Polearms
  1690 | D:5      | Reached skill level 5 in Fighting
  1693 | D:5      | Killed a scorpion
  1694 | D:5      | Reached XP level 5. HP: 48/48 MP: 4/4
  1763 | D:5      | Found Untulo's Jewellery Shoppe.
  1814 | D:5      | Found Puchuaci's Jewellery Shop.
  1833 | D:5      | Found Yshru's Magic Scroll Emporium.
  1845 | D:5      | Reached skill level 6 in Polearms
  1866 | D:5      | Reached XP level 6. HP: 41/56 MP: 5/5
  2051 | D:5      | Found Keir's Magic Scroll Emporium.
  2278 | D:4      | Found a hazy altar of Hepliaklqana.
  2279 | D:4      | Found a shimmering altar of Xom.
  2280 | D:4      | Noticed a spectral ugly thing
  2330 | D:4      | Reached skill level 7 in Polearms
  2438 | D:4      | Reached XP level 7. HP: 52/62 MP: 6/6
  2552 | D:4      | Found an opulent altar of Gozag.
  2552 | D:4      | Found an iron altar of Okawaru.
  3190 | D:4      | Identified a scroll of acquirement
  3190 | D:4      | Acquired the +7 plate armour of the Pits of Slime {rF-
                  | Will++ Regen+}
  3430 | D:5      | Reached skill level 8 in Polearms
  3931 | D:5      | Reached skill level 5 in Dodging
  3931 | D:5      | Reached XP level 8. HP: 45/71 MP: 7/7
  4094 | D:6      | Reached skill level 9 in Polearms
  4147 | D:6      | Noticed Maggie
  4147 | D:6      | Noticed Eustachio
  4162 | D:6      | Killed Maggie
  4167 | D:6      | Killed Eustachio
  4168 | D:6      | Reached skill level 10 in Polearms
  4351 | D:6      | Found a runed translucent door.
  4352 | D:6      | Noticed Crazy Yiuf
  4441 | D:6      | Reached *** piety under Trog
  4471 | D:6      | Noticed Prince Ribbit
  4478 | D:6      | Killed Prince Ribbit
  4479 | D:6      | Reached skill level 11 in Polearms
  4479 | D:6      | Reached XP level 9. HP: 80/80 MP: 8/8
  4587 | D:6      | Found a shadowy altar of Dithmenos.
  4587 | D:6      | Found a white marble altar of Elyvilon.
  4591 | D:6      | Found a glowing silver altar of Zin.
  4594 | D:6      | Found a basalt altar of Yredelemnul.
  4594 | D:6      | Found a burning altar of Makhleb.
  4595 | D:6      | Found a hide-covered altar of Uskayaw.
  4817 | D:6      | Noticed Menkaure
  4820 | D:6      | Killed Menkaure
  5017 | D:6      | Killed Crazy Yiuf
  5289 | D:7      | Noticed Pikel
  5301 | D:7      | Killed Pikel
  5302 | D:7      | Reached skill level 12 in Polearms
  5302 | D:7      | Reached skill level 5 in Armour
  5390 | D:7      | Noticed Joseph
  5403 | D:7      | Killed Joseph
  5404 | D:7      | Reached skill level 13 in Polearms
  5500 | D:7      | Found a transporter.
  5527 | D:7      | Noticed Zlot's ghost (novice DsBr)
  5541 | D:7      | Reached XP level 10. HP: 90/90 MP: 9/9
  5549 | D:7      | Found a transporter.
  5553 | D:7      | Identified the +4 scale mail "Tacaq" {Int+3 Dex+2 SInv}
  5553 | D:7      | Identified the +0 kite shield of Ociras {Contam rPois
                  | Will++ Stlth+}
  5644 | D:7      | Found a staircase to the Ecumenical Temple.
  5853 | D:8      | Reached **** piety under Trog
  5921 | D:8      | Noticed a death yak
  5921 | D:8      | Noticed a death yak
  5922 | D:8      | Found a staircase to the Lair.
  5922 | D:8      | Noticed a death yak
  5930 | D:8      | Killed a death yak
  5931 | D:8      | Reached skill level 14 in Polearms
  5939 | D:8      | Killed a death yak
  5943 | D:8      | Killed a death yak
  5958 | D:8      | Reached skill level 10 in Fighting
  6179 | D:8      | Reached skill level 15 in Polearms
  6579 | Lair:1   | Entered Level 1 of the Lair of Beasts
  6674 | Lair:1   | Noticed Amaemon
  6679 | Lair:1   | Noticed a black mamba
  6681 | Lair:1   | Noticed an orange demon
  6692 | Lair:1   | Killed Amaemon
  6694 | Lair:1   | Killed an orange demon
  6695 | Lair:1   | Reached XP level 11. HP: 100/100 MP: 10/10
  6943 | Lair:1   | Reached skill level 16 in Polearms
  7047 | Lair:1   | You fall into a shaft and drop 1 floor!
  7523 | Lair:1   | Reached skill level 10 in Armour
  7865 | Lair:1   | Acquired a manual of Dodging
  8020 | Lair:2   | Found a runed translucent door.
  8021 | Lair:2   | Noticed Junaliek's ghost (journeyman MiFi)
  8084 | Lair:2   | Reached XP level 12. HP: 111/112 MP: 11/11
  8750 | Lair:2   | Killed Junaliek's ghost
  9025 | Lair:3   | Found a hole to the Spider Nest.
  9121 | Lair:3   | Noticed a seven-headed hydra
  9130 | Lair:3   | Killed an 11-headed hydra
  9138 | Lair:3   | Reached skill level 17 in Polearms
  9202 | Lair:3   | Found a runed translucent door.
  9499 | Lair:3   | Found a staircase to the Shoals.
  9786 | Lair:3   | Noticed a reaper
  9853 | Lair:3   | Killed a reaper
  9859 | Lair:3   | Identified the ring "Saubin" {rPois rN+ Int-4 SInv Stlth+}
 10037 | Lair:4   | Noticed a boulder beetle
 10049 | Lair:4   | Killed a boulder beetle
 10601 | Lair:4   | Identified the +2 chain mail of Good Intentions {rPois rF+}
 10684 | Lair:5   | Entered Level 5 of the Lair of Beasts
 10698 | Lair:5   | Noticed a seven-headed hydra
 10698 | Lair:5   | Noticed a death yak
 10698 | Lair:5   | Noticed a death yak
 10699 | Lair:5   | Noticed a death yak
 10699 | Lair:5   | Noticed a death yak
 10725 | Lair:5   | Noticed a boulder beetle
 10730 | Lair:5   | Killed a boulder beetle
 10744 | Lair:5   | Noticed a boulder beetle
 10750 | Lair:5   | Killed a boulder beetle
 10790 | Lair:5   | Reached ***** piety under Trog
 10807 | Lair:5   | Found a runed translucent door.
 10808 | Lair:5   | Noticed an azure jelly
 10811 | Lair:5   | Noticed an azure jelly
 10813 | Lair:5   | Noticed an azure jelly
 10813 | Lair:5   | Found a staircase to the Slime Pits.
 10835 | Lair:5   | Killed a death yak
 10839 | Lair:5   | Killed a death yak
 10840 | Lair:5   | Reached XP level 13. HP: 122/122 MP: 12/12
 10942 | Lair:5   | Reached skill level 18 in Polearms
 11545 | Lair:5   | Reached skill level 15 in Fighting
 11792 | Lair:5   | Reached skill level 15 in Armour
 11833 | Lair:5   | Received a gift from Trog
 11970 | Lair:5   | Reached XP level 14. HP: 87/135 MP: 13/13
 12100 | Lair:5   | Acquired 736 gold pieces
 12370 | D:9      | Found Hubb's CLEARANCE SALE!.
 12401 | D:9      | Reached skill level 19 in Polearms
 13010 | D:9      | Bought a potion of invisibility for 48 gold pieces
 13035 | D:10     | Entered Level 10 of the Dungeon
 13213 | D:10     | Noticed a stone giant
 13218 | D:10     | Killed a stone giant
 13347 | D:10     | Found a runed translucent door.
 13347 | D:10     | Found a runed translucent door.
 13351 | D:10     | Noticed a lich
 13465 | D:10     | Received a gift from Trog
 13685 | D:10     | Noticed dogaso222's ghost (journeyman DsGl)
 14659 | D:12     | Found a staircase to the Orcish Mines.
 14699 | D:12     | Identified the +0 leather armour of the Camelopard {rPois
                  | rF+ MP-9 SInv}
 14708 | D:12     | Reached skill level 20 in Polearms
 15377 | D:13     | Noticed Nessos
 18198 | D:13     | Killed Nessos
 18651 | D:13     | Identified the +2 dagger of Upheaval {flame, rC+ Dex+3}
 18819 | D:14     | Noticed Cicylist's ghost (journeyman FoFi)
 18819 | D:14     | Found a transporter.
 18947 | D:14     | Found a transporter.
 19090 | D:14     | Found a gate to the Vaults.
 19107 | D:14     | Reached XP level 15. HP: 145/145 MP: 14/14
 19212 | D:14     | Identified the +2 robe of Toegidaci {rElec rF+}
 19279 | D:14     | Found a transporter.
 19415 | D:14     | Found a transporter.
 19740 | D:14     | Found a transporter.
 19816 | D:14     | Found a transporter.
 20253 | D:15     | Entered Level 15 of the Dungeon
 20329 | D:15     | Identified the +3 long sword "Baxt" {heavy, Str+4}
 20370 | D:15     | Found Gadwul's General Store.
 20526 | D:15     | Found a basalt altar of Yredelemnul.
 20581 | D:15     | Reached skill level 21 in Polearms
 21167 | D:15     | Received a gift from Trog
 21225 | D:15     | Found a staircase to the Depths.
 21360 | Depths:1 | Entered Level 1 of the Depths
 21479 | Depths:1 | Noticed a fire giant
 21963 | Depths:1 | Found Ycsee's Antique Weapon Shoppe.
 22087 | Depths:1 | Found a one-way gateway to a ziggurat.
 22239 | Depths:1 | Found Patikeuf's Jewellery Shoppe.
 22239 | Depths:1 | Found Wousoara's Antique Weapon Emporium.
 22303 | Depths:1 | Bought a glowing glaive for 285 gold pieces
 22433 | Depths:1 | Found Metil's Neck Hole.
 22538 | Depths:1 | Found a gateway to Hell.
 22596 | Depths:1 | Gained mutation: Your body sometimes deteriorates upon
                  | taking damage. [potion of mutation]
 22596 | Depths:1 | Gained mutation: You are frail. (-10% HP) [potion of
                  | mutation]
 22597 | Depths:1 | Lost mutation: Your body sometimes deteriorates upon taking
                  | damage. [potion of mutation]
 22597 | Depths:1 | Lost mutation: You are frail. (-10% HP) [potion of
                  | mutation]
 22597 | Depths:1 | Gained mutation: Your magical capacity is low. (-10% MP)
                  | [potion of mutation]
 22782 | Orc:1    | Entered Level 1 of the Orcish Mines
 23151 | Orc:1    | Received a gift from Trog
 23172 | Orc:1    | Reached XP level 16. HP: 143/159 MP: 13/13
 23460 | Orc:2    | Entered Level 2 of the Orcish Mines
 23460 | Orc:2    | Found a staircase to the Elven Halls.
 23734 | Orc:2    | Received a gift from Trog
 23780 | Orc:2    | Reached skill level 22 in Polearms
 23893 | Orc:2    | Found Wojoyr's Antique Weapon Shop.
 23940 | Orc:2    | Found Xixun's Book Shop.
 23943 | Orc:2    | Found Opnuj's Assorted Antiques.
 23952 | Orc:2    | Found Lamirgh's Armour Boutique.
 24477 | Shoals:1 | Entered Level 1 of the Shoals
 25511 | Shoals:2 | Received a gift from Trog
 27059 | Shoals:4 | Entered Level 4 of the Shoals
 27101 | Shoals:4 | Noticed Donald
 27217 | Shoals:4 | Killed Donald
 27477 | Shoals:4 | Reached XP level 17. HP: 138/170 MP: 14/14
 27834 | Shoals:4 | Got a barnacled rune of Zot
 27879 | Shoals:4 | Reached skill level 23 in Polearms
 27953 | Shoals:4 | Identified the +6 long sword of Gluttony {freeze, rC+}
 27963 | Shoals:4 | Received a gift from Trog
 28102 | Shoals:4 | Identified the +10 great sword of Incongruity {flame,
                  | rElec}
 28316 | Shoals:4 | Identified the +10 war axe of Hepliaklqana, Stopping
                  | {drain, rN+ rCorr Int+4}
 28744 | Spider:1 | Entered Level 1 of the Spider Nest
 29098 | D:14     | Killed Cicylist's ghost
 29155 | D:14     | Lost mutation: Your magical capacity is low. (-10% MP)
                  | [potion of mutation]
 29155 | D:14     | Gained mutation: Your mind is acute. (Int +4, Str/Dex -1)
                  | [potion of mutation]
 29155 | D:14     | Gained mutation: You have a pair of large horns on your
                  | head. [potion of mutation]
 29155 | D:14     | Gained mutation: You are robust. (+10% HP) [potion of
                  | mutation]
 30279 | Vaults:1 | Entered Level 1 of the Vaults
 30456 | Vaults:1 | Reached ****** piety under Trog
 30749 | Vaults:1 | Found Vaodi's Weapon Emporium.
 30920 | Vaults:1 | Found a portal to a secret trove of treasure.
 31096 | D:15     | Bought a scroll of fear for 56 gold pieces
 31166 | Vaults:1 | Received a gift from Trog
 31472 | Vaults:1 | Reached XP level 18. HP: 202/202 MP: 17/17
 32133 | Vaults:2 | Found Yrozuw's General Store.
 32136 | Vaults:2 | Bought a scroll of brand weapon for 133 gold pieces
 32161 | Vaults:2 | Noticed Jory
 32213 | Vaults:2 | Killed Jory
 32214 | Vaults:2 | Reached skill level 24 in Polearms
 32549 | Vaults:2 | Received a gift from Trog
 33851 | Vaults:3 | Noticed Frederick
 33868 | Vaults:3 | Identified the +10 halberd of Bouvosko {flame, rC+ Will-
                  | Str+4 Dex+4} (Trog gifted it to you on level 3 of the
                  | Vaults)
 33868 | Vaults:3 | Received a gift from Trog
 33916 | Vaults:3 | Killed Frederick
 34034 | Vaults:3 | Identified the +0 buckler of the Shining One's Whim {Harm
                  | *Corrode Int+4}
 34485 | Vaults:3 | Found Jenaj's Armour Shop.
 34764 | Vaults:3 | Reached XP level 19. HP: 194/214 MP: 18/18
 34775 | Vaults:3 | Reached skill level 25 in Polearms
 35239 | Vaults:3 | Found a staircase to the Crypt.
 35294 | Crypt:1  | Entered Level 1 of the Crypt
 35299 | Crypt:1  | Noticed an ancient lich
 35311 | Crypt:1  | Killed an ancient lich
 35854 | Vaults:3 | Found a runed translucent gate.
 35854 | Vaults:3 | Found a runed translucent gate.
 35854 | Vaults:3 | Found a runed translucent gate.
 35854 | Vaults:3 | Noticed McKennaii's ghost (adept DgCj)
 35963 | Vaults:3 | Found a viscous altar of Jiyva.
 36178 | Vaults:3 | Received a gift from Trog
 36479 | Crypt:1  | HP: 9/216 [spectral juggernaut (2)]
 36479 | Crypt:1  | Mangled by a spectral juggernaut

Illustrated notes

Levels and vault maps discovered:
D:1:      ebering_trefoil_3fold, layout_basic, minmay_shallow_snake_nest
D:2:      layout_basic, basic_altar
D:3:      layout_basic, fedhas_altar_3, ebering_ghost_disaster_area
D:4:      layout_basic, regret_index_temple_of_mockery,
          amethyst_overflow_temple_binary, cheibrodos_sewer_entry_bend
D:5:      layout_basic, serial_shops, shop, nicolae_shop_stone, shop,
          nicolae_take_the_stairs, shop, minmay_fractal_squares_gapless_5
D:6:      corexii_shack_village, layout_loops_ring, grunt_temple_overflow_open,
          serial_demonic, serial_demonic_a, serial_demonic_g, serial_demonic_e,
          serial_demonic_e, uniq_eustachio, uniq_menkaure,
          uniq_crazy_yiuf_cottage, uniq_prince_ribbit1, uniq_maggie
D:7:      layout_gridville, minmay_temple_entry_drinking_statues,
          gammafunk_ghost_gnarly_gnolls, minmay_misc_feat_rows, uniq_pikel,
          uniq_joseph
D:8:      layout_loops_ring, dpeg_lair_monsters, roderic_batcave
D:9:      layout_loops_ring, nicolae_shop_clearance
D:10:     minmay_chopped_fan, layout_rooms, muffindrake_ghost_dual_entry
D:11:     layout_rooms
D:12:     layout_long_grid, zombieorc2_lemuel
D:13:     layout_long_grid, uniq_nessos
D:14:     dreamdust_cave_troll, layout_basic, erik_vaults_2,
          gammafunk_ghost_mausoleum, nicolae_transporter_intersection
D:15:     gammafunk_enter_depths_forms, layout_basic, yredelemnul_altar_generic,
          serial_shops, nicolae_shop_hallway_stairs
Lair:1:   layout_chaotic_city, lemuel_fruit_fields, infiniplex_staircase_pool_2,
          uniq_amaemon
Lair:2:   layout_layer_cave, hellmonk_ghost_happy_afterlife, serial_bayou_pond_a
Lair:3:   layout_loops_ring, shoals_dummy_entry, spider_nest_entry_web_field,
          pdpol_lair_cabin_in_the_woods, grunt_megastairs_3
Lair:4:   layout_gridlike, nzn_sisyphean_effort
Lair:5:   hangedman_lair_in_review, layout_long_grid,
          hangedman_lair_caniforms_friends, slime_entry_2
Shoals:1: layout_shoals
Shoals:2: layout_shoals, nicolae_shoals_water_elemental_grotto
Shoals:3: layout_shoals
Shoals:4: shoals_end_grunt_ice, layout_shoals, uniq_donald
Spider:1: layout_spider_delve, drop_trap
Orc:1:    layout_caves
Orc:2:    st_orc_open, layout_diamond_mine, guppyfry_library_mini
Vaults:1: hangedman_vaults_variations, grunt_vaults_hallway_short, v_misc_9,
          grunt_vaults_funnel, nicolae_vaults_twisting_passages,
          ontoclasm_vaults_bender, vaults_dpeg_emergency_exit, v_misc_15,
          layout_vaults_ring, serial_shops, nicolae_shop_tiny_waterfront,
          enter_trove_5
Vaults:2: nicolae_vaults_sesquioval_fish, v_misc_23,
          nicolae_vaults_network_quinsquares
          [nicolae_vaults_network_quincunx_subvault,
          nicolae_vaults_network_quincunx_subvault,
          nicolae_vaults_network_quincunx_subvault,
          nicolae_vaults_network_quincunx_subvault], vaults_mumra_minichess,
          nicolae_vaults_stepped_doors, v_misc_27,
          nicolae_vaults_more_shelving_2, nicolae_vaults_diagonal_hallway_7,
          nicolae_vaults_two_Ls, nicolae_vaults_trapezoid_1,
          layout_vaults_omnigrid, serial_shops, nicolae_shop_real_fake_doors,
          uniq_jory
Vaults:3: gammafunk_ghost_ooze, grunt_vaults_bifocal, hangedman_vaults_nails,
          nicolae_vaults_antechamber_and_loot_room,
          nicolae_vaults_closet_pinwheel_6, v_alt_pattern_4,
          minmay_crypt_entry_simple_statues, hangedman_vaults_stitches,
          vaults_mumra_lcd, nicolae_vaults_network_barrier,
          nicolae_vaults_storage_closets_1, ontoclasm_vaults_pinch,
          nicolae_vaults_taking_the_gang_shopping, layout_vaults_maze,
          uniq_frederick, uniq_margery
Crypt:1:  layout_rooms, special_room [special_room_morgue], basic_altar,
          item_on_display_a
Depths:1: layout_cross, enter_ziggurat_b, serial_shops, nicolae_shop_crystal,
          grunt_hell_entry_dis_grunt, kennysheep_decorative_pillar,
          nicolae_shop_sticking_my_neck_out, minmay_shoptagon

Skill      XL: |  1  2  3  4  5  6  7  8  9 10 11 12 13 14 15 16 17 18 19 |
---------------+----------------------------------------------------------+-----
Fighting       | 4 5 6 7 8 10 11 13 15 16 18 20 21 23 24 | 24.3
Polearms       | 4 5 6 7 8 11 13 15 16 17 18 20 21 22 23 24 25 | 25.6
Dodging        | 3 4 5 6 7 8 9 |  9.7
Armour         | 3 4 5 8 10 13 15 16 18 19 20 21 22 | 22.2
Stealth        | |  0.1
Evocations     | |  0.6

Action                     |  1- 3 |  4- 6 |  7- 9 | 10-12 | 13-15 | 16-18 | 19-21 || total
---------------------------+-------+-------+-------+-------+-------+-------+-------++-------
  Melee: Spear             |    96 |    89 |    45 |       |       |       |       ||   230
         Headbutt          |    10 |    13 |    49 |   103 |   152 |   181 |    48 ||   556
         Punch             |     1 |     1 |     2 |     1 |       |       |       ||     5
         Trident           |       |       |   252 |    47 |       |       |       ||   299
         Halberd           |       |       |       |   486 |   263 |       |       ||   749
         Glaive            |       |       |       |       |   567 |  1102 |   218 ||  1887
 Invoke: Berserk           |       |     3 |     8 |     8 |    13 |     9 |     4 ||    45
         Trog's Hand       |       |       |       |     3 |     2 |     8 |     1 ||    14
         Brothers in Arms  |       |       |       |       |       |     5 |       ||     5
  Evoke: Wand              |       |       |       |       |     2 |       |       ||     2
    Use: Scroll            |     4 |       |     8 |    13 |    14 |    10 |       ||    49
         Potion            |       |       |       |       |    17 |    10 |     1 ||    28
   Stab: Distracted        |       |       |       |       |       |     3 |       ||     3
 Armour: Animal skin       |    17 |    24 |     8 |       |       |       |       ||    49
         Plate armour      |       |       |    97 |   296 |   679 |   894 |   354 ||  2320
  Dodge: Dodged            |    36 |    44 |    63 |   223 |   506 |   635 |   210 ||  1717
